AoeStats
← vWave.

Arena

508699612Analyzed
2v2 RM · 9d ago on Sep 23, 2026· 54m 10s· 4 players
Game mode
Random Map
Map size
Medium (4 player)
Population
200
Speed
Normal
Resources
Standard
Victory
Conquest
Starting age
Dark Age
Ending age
Imperial Age
RankedLock teamsTeams togetherTeam positionsShared explorationLock speedFull tech treeHidden civsTurbo modeCheats
Victory
Defeat
🇹🇷 Mongols · Türkiye
909
+48
🇺🇾 Byzantines · Uruguay
900
+17
🇩🇪 Aztecs · Germany
1022
-21
🇩🇪 Byzantines · Germany
823
-13
vWave.
2:41 Loom
6:01 Loom
10:51 Feudal Age
14:03 Double-Bit Axe
14:00 Horse Collar
19:18 Castle Age
21:29 Bow Saw
23:47 Stone Mining
25:39 Wheelbarrow
24:50 Loom
32:14 Imperial Age
31:35 Heavy Plow
32:57 Scale Barding Armor
33:23 Gold Mining
35:05 Caravan
36:36 Chain Barding Armor
39:49 Heavy Camel Rider
42:25 Two-Man Saw
41:49 Hand Cart
44:50 Plate Barding Armor
44:25 Elite Cataphract
52:28 Forging
53:09 Logistica
54:14 Iron Casting
Jûwezz
11:45 Feudal Age
13:26 Wheelbarrow
12:39 Double-Bit Axe
12:47 Stone Mining
14:15 Horse Collar
21:46 Castle Age
19:51 Gold Mining
25:58 Heavy Plow
26:14 Bow Saw
26:43 Stone Shaft Mining
28:58 Man-at-Arms
29:47 Long Swordsman
31:21 Gold Shaft Mining
35:00 Imperial Age
36:06 Hand Cart
35:38 Loom
35:39 Town Watch
36:21 Nomads
37:02 Hoardings
36:54 Forging
36:47 Scale Mail Armor
37:39 Two-Handed Swordsman
39:01 Iron Casting
38:42 Chain Mail Armor
40:21 Town Patrol
42:10 Elite Mangudai
48:43 Elite Steppe Lancer
49:31 Husbandry
49:41 Bloodlines
48:55 Heavy Camel Rider
48:55 Cavalier
48:57 Light Cavalry
GrafSauerbraten
12:50 Feudal Age
13:47 Loom
17:13 Castle Age
15:05 Double-Bit Axe
19:01 Bow Saw
18:32 Horse Collar
19:21 Heavy Plow
21:27 Gold Mining
29:20 Imperial Age
29:27 Pikeman
30:07 Squires
29:53 Arson
30:21 Forging
30:11 Scale Mail Armor
29:47 Capped Ram
30:18 Eagle Warrior
31:22 Elite Eagle Warrior
34:34 Crop Rotation
34:19 Siege Ram
40:13 Wheelbarrow
39:25 Town Watch
40:17 Gold Shaft Mining
39:32 Stone Mining
41:34 Gambesons
41:10 Man-at-Arms
42:01 Long Swordsman
42:42 Two-Handed Swordsman
44:09 Fortified Wall
44:04 Champion
45:51 Iron Casting
45:38 Chain Mail Armor
AlexanderDerGroße
13:37 Feudal Age
16:41 Double-Bit Axe
20:05 Castle Age
17:59 Gold Mining
21:06 Stone Mining
24:51 Bow Saw
27:32 Wheelbarrow
27:40 Forging
27:36 Scale Barding Armor
27:35 Husbandry
33:15 Iron Casting
32:30 Fletching
33:01 Chain Barding Armor
34:03 Fortified Wall
37:12 Imperial Age
35:23 Horse Collar
36:09 Ballistics
35:52 Bodkin Arrow
37:14 Heavy Plow
38:31 Crop Rotation
39:03 Chemistry
37:59 Murder Holes
37:27 Cavalier
38:34 Conscription
37:45 Elite Cataphract
41:16 Gold Shaft Mining
40:37 Arrowslits
40:59 Caravan
41:00 Heavy Camel Rider
43:23 Two-Man Saw
45:11 Plate Barding Armor
45:21 Hoardings
46:55 Capped Ram
48:48 Bombard Tower
Connection lost

Rejoining the realm…

Still unreachable

The connection could not be restored.

Session expired

The server has moved on; the page needs a fresh start.